 Dungeon Crawl Stone Soup version 0.31-a0-198-g2ad674f65e (webtiles) character file.

Game seed: 10371867156125787064

134 qw the Skirmisher (level 4, 0/25 HPs)
             Began as a Deep Elf Hunter on June 25, 2023.
             Killed from afar by Natasha (9 damage)
             ... with a magic dart
             ... on level 2 of the Dungeon.
             The game lasted 00:00:42 (1513 turns).

qw the Skirmisher (Deep Elf Hunter)                 Turns: 1513, Time: 00:00:42

Health: 0/25       AC:  7    Str: 10    XL:     4   Next: 95%
Magic:  6/6        EV: 12    Int: 14    God:
Gold:   103        SH:  0    Dex: 18    Spells: 3/3 levels left

rFire   . . .        Y - +0 shortbow
rCold   . . .        (shield currently unavailable)
rNeg    . . .        c - +0 leather armour
rPois   .            (no helmet)
rElec   .            (no cloak)
rCorr   .            (no gloves)
SInv    .            (no boots)
Will    .....        (no amulet)
Stlth   ++           e - +4 ring of protection
HPRegen 0.24/turn    (no ring)
MPRegen 0.10/turn

%: no passive effects
@: no status effects
A: no striking features
a: no special abilities


You were on level 2 of the Dungeon.
You visited 1 branch of the dungeon, and saw 2 of its levels.

You collected 129 gold pieces.
You spent 26 gold pieces at shops.


   Skills:
 - Level 1.5 Fighting
 + Level 8.3 Ranged Weapons
 - Level 2.4 Dodging
 - Level 1.2 Stealth


You had 3 spell levels left.
You didn't know any spells.
Your spell library was empty.

Inventory:

Hand Weapons
 Y - a +0 shortbow (weapon)
Armour
 c - a +0 leather armour (worn)
 i - a +0 scale mail
Jewellery
 e - a +4 ring of protection (left hand)
 g - a ring of positive energy
 k - a +6 ring of strength
Scrolls
 a - 2 scrolls of teleportation {unknown}
 d - a scroll of torment {unknown}
 f - 4 scrolls of identify
 l - a scroll of fear {unknown}
Potions
 b - 2 potions of mutation {unknown}
 h - a potion of cancellation
 j - a potion of berserk rage {unknown}

Dungeon Overview and Level Annotations

Branches:
Dungeon (2/15)

Altars:

Shops:
D:1 =!*?*

Annotations:
D:2 Natasha


Message History

1502 ||| FLEEEEING.
Found 13 gold pieces.
1503 ||| FLEEEEING.
You shoot an arrow. The arrow hits the cerulean imp.
The cerulean imp is moderately wounded.
Natasha howls an incantation.
Natasha shimmers violently.
Natasha casts a spell.
You shoot an arrow.
The arrow barely misses the cerulean imp.
You shoot an arrow.
The arrow hits the cerulean imp but does no damage.
The cerulean imp is moderately wounded.
The cerulean imp hits you from afar with a +1 spear.
Natasha casts a spell at you. The magic dart hits you.
You shoot an arrow. The arrow hits the cerulean imp.
The cerulean imp is heavily wounded.
The cerulean imp barely misses you.
You shoot an arrow.
The arrow closely misses the cerulean imp.
The cerulean imp hits you from afar with a +1 spear.
The cerulean imp hits you from afar with a +2 spear.
You shoot an arrow.
The arrow barely misses the cerulean imp.
The cerulean imp barely misses you.
The cerulean imp hits you from afar with a +2 spear.
You shoot an arrow.
The arrow closely misses the cerulean imp.
The cerulean imp hits you but does no damage.
The cerulean imp barely misses you.
You shoot an arrow. The arrow hits the cerulean imp!
You kill the cerulean imp!
The cerulean imp disappears in a puff of smoke!
The cerulean imp hits you from afar with a +2 spear.
You shoot an arrow. The arrow closely misses Natasha.
Natasha barely misses you. The cerulean imp barely misses you.
You shoot an arrow. The arrow closely misses Natasha.
Natasha stares at you and mumbles some strange words.
The magic dart hits you!
You die...

..#.##.##.#.#....................
.##.......#.#............##..).).
...#......#'#......#.............
.#.#.#.#.........................
.#.#..h.....:).............#.##.#
..h....#.#....¤............#.....
.#.#..##.#....¤..#..##+###.##.#.#
...#..##.#....5.h#............#.#
.#.#..##.#####..@...##..#.###.#.#
.......................[.........
..... ........#.#.####.......#.#
>.... ..$.......#.####.#####.#.#
....# ................#.###.#.#
....##.#........#.#####..........
....##.#..####..................#
.....#.#..####..#........#####.##
.............#..#.###.....####.##


You could see Natasha and a cerulean imp (summoned).

Vanquished Creatures
  Natasha (twice) (D:2)
  Terence (D:2)
  2 adders (D:2)
  3 dart slugs
  4 endoplasms
  5 goblins
  A hobgoblin (D:1)
  5 jackals (D:1)
  A quokka (D:1)
  5 ball pythons
  4 bats
  4 frilled lizards
  2 kobolds (D:2)
  3 rats (D:1)
42 creatures vanquished.

Notes
Turn   | Place    | Note
-------+----------+-------------------------------------------
     0 | D:1      | qw the Deep Elf Hunter began the quest for the Orb.
     0 | D:1      | Reached XP level 1. HP: 12/12 MP: 3/3
     0 | D:1      | 0 ||| qw: Version: 0.3-a-22-g0ed2b0b
     0 | D:1      | 0 ||| qw: Game counter: 5234
     0 | D:1      | 0 ||| qw: Melee chars always use a shield: true
     0 | D:1      | 0 ||| qw: God list: Okawaru
     0 | D:1      | 0 ||| qw: Allow faded altars: false
     0 | D:1      | 0 ||| qw: Do Orc after clearing Dungeon:15 true
     0 | D:1      | 0 ||| qw: Do second Lair branch before Depths: true
     0 | D:1      | 0 ||| qw: Lair rune preference: random
     0 | D:1      | 0 ||| qw: Goals: Normal
     0 | D:1      | 0 ||| PLANNING D:1-11
   105 | D:1      | Found Homynes's Magic Scroll Emporium.
   105 | D:1      | Found Asacseg's Distillery.
   110 | D:1      | 110 ||| SHOPLISTING potion of curing (33 gold, have 28).
   110 | D:1      | 110 ||| SHOPLISTING potion of might (44 gold, have 28).
   110 | D:1      | 110 ||| SHOPLISTING potion of mutation (88 gold, have 28).
   110 | D:1      | 110 ||| SHOPLISTING potion of resistance (110 gold, have
                  | 28).
   114 | D:1      | 114 ||| BUYING scroll of identify (26 gold).
   114 | D:1      | Bought a scroll of identify for 26 gold pieces
   114 | D:1      | 114 ||| SHOPLISTING scroll of teleportation (39 gold, have
                  | 2).
   138 | D:1      | Reached skill level 6 in Ranged Weapons
   138 | D:1      | Reached XP level 2. HP: 16/16 MP: 4/4
   178 | D:1      | Found Wemogih's Assorted Antiques.
   186 | D:1      | 186 ||| SHOPLISTING cloak (85 gold, have 2).
   186 | D:1      | 186 ||| SHOPLISTING fizzy emerald potion (17 gold, have 2).
   186 | D:1      | 186 ||| SHOPLISTING fuming orange potion (17 gold, have 2).
   186 | D:1      | 186 ||| SHOPLISTING helmet (85 gold, have 2).
   186 | D:1      | 186 ||| SHOPLISTING scroll labelled FIUPREATEF (19 gold,
                  | have 2).
   186 | D:1      | 186 ||| SHOPLISTING scroll labelled TONINO IBLOEC (19 gold,
                  | have 2).
   286 | D:1      | Found Ymephey's Jewellery Boutique.
   294 | D:1      | 294 ||| SHOPLISTING +4 ring of protection (396 gold, have
                  | 2).
   294 | D:1      | 294 ||| SHOPLISTING amulet of Mirth {Acrobat rN+} (453
                  | gold, have 2).
   294 | D:1      | 294 ||| SHOPLISTING amulet of the acrobat (330 gold, have
                  | 2).
   294 | D:1      | 294 ||| SHOPLISTING ring of fire (275 gold, have 2).
   294 | D:1      | 294 ||| SHOPLISTING ring of ice (275 gold, have 2).
   294 | D:1      | 294 ||| SHOPLISTING ring of protection from cold (275 gold,
                  | have 2).
   294 | D:1      | 294 ||| SHOPLISTING ring of protection from fire (275 gold,
                  | have 2).
   294 | D:1      | 294 ||| SHOPLISTING ring of see invisible (165 gold, have
                  | 2).
   369 | D:1      | Found Ifrum's General Store.
   372 | D:1      | 372 ||| SHOPLISTING potion of cancellation (96 gold, have
                  | 2).
   372 | D:1      | 372 ||| SHOPLISTING potion of curing (36 gold, have 2).
   651 | D:1      | 651 ||| UPGRADING to +4 ring of protection.
   652 | D:1      | 652 ||| READING scroll labelled WAKLEOLANT.
   653 | D:1      | 653 ||| READING 3 scrolls of identify.
   653 | D:1      | 653 ||| IDENTIFYING lumpy amethyst potion
   654 | D:1      | 654 ||| READING 2 scrolls of identify.
   654 | D:1      | 654 ||| IDENTIFYING lumpy white potion
   655 | D:1      | 655 ||| DROPPING scroll of butterflies.
   656 | D:1      | 656 ||| DROPPING potion of brilliance.
   684 | D:2      | Reached XP level 3. HP: 20/20 MP: 5/5
   867 | D:2      | Noticed Terence
   877 | D:2      | HP: 4/20 [Terence/+0 trident (7)]
   881 | D:2      | Killed Terence
   882 | D:2      | Reached skill level 7 in Ranged Weapons
   885 | D:2      | Reached XP level 4. HP: 7/25 MP: 6/6
   998 | D:2      | Noticed Natasha
  1000 | D:2      | 1000 ||| FLEEEEING.
  1001 | D:2      | 1001 ||| FLEEEEING.
  1002 | D:2      | 1002 ||| FLEEEEING.
  1003 | D:2      | 1003 ||| FLEEEEING.
  1004 | D:2      | 1004 ||| FLEEEEING.
  1005 | D:2      | 1005 ||| FLEEEEING.
  1006 | D:2      | 1006 ||| FLEEEEING.
  1007 | D:2      | 1007 ||| FLEEEEING.
  1008 | D:2      | 1008 ||| FLEEEEING.
  1009 | D:2      | 1009 ||| FLEEEEING.
  1010 | D:2      | 1010 ||| FLEEEEING.
  1011 | D:2      | 1011 ||| FLEEEEING.
  1012 | D:2      | 1012 ||| FLEEEEING.
  1013 | D:2      | 1013 ||| FLEEEEING.
  1014 | D:2      | 1014 ||| FLEEEEING.
  1016 | D:2      | 1016 ||| FLEEEEING.
  1017 | D:2      | 1017 ||| FLEEEEING.
  1019 | D:2      | 1019 ||| FLEEEEING.
  1020 | D:2      | 1020 ||| FLEEEEING.
  1021 | D:2      | 1021 ||| FLEEEEING.
  1022 | D:2      | 1022 ||| FLEEEEING.
  1023 | D:2      | 1023 ||| FLEEEEING.
  1024 | D:2      | 1024 ||| FLEEEEING.
  1030 | D:2      | 1030 ||| Stepping ~*~*~tactically~*~*~ (outnumbered).
  1033 | D:2      | 1033 ||| Stepping ~*~*~tactically~*~*~ (outnumbered).
  1034 | D:2      | 1034 ||| Stepping ~*~*~tactically~*~*~ (outnumbered).
  1047 | D:2      | Killed Natasha
  1201 | D:2      | Noticed Natasha
  1203 | D:2      | Reached skill level 8 in Ranged Weapons
  1210 | D:2      | Killed Natasha
  1494 | D:2      | Noticed Natasha
  1497 | D:2      | 1497 ||| FLEEEEING.
  1499 | D:2      | 1499 ||| FLEEEEING.
  1500 | D:2      | 1500 ||| FLEEEEING.
  1501 | D:2      | 1501 ||| FLEEEEING.
  1502 | D:2      | 1502 ||| FLEEEEING.
  1503 | D:2      | 1503 ||| FLEEEEING.
  1513 | D:2      | Killed from afar by Natasha

Levels and vault maps discovered:
D:1:      minmay_arrival_nine_rooms, layout_loops_ring, serial_shops, shop,
          nicolae_shop_gibbet_a_chance, nicolae_shop_statue_plus, shop, shop
D:2:      layout_basic, uniq_terence, uniq_natasha

Skill      XL: |  1  2  3  4 |
---------------+-------------+-----
Ranged Weapons | 6 7 8 |  8.3
Fighting       | |  1.5
Dodging        | |  2.4
Stealth        | |  1.2

Action                     |  1- 3 |  4- 6 || total
---------------------------+-------+-------++-------
   Fire: Shortbow          |    76 |    61 ||   137
    Use: Scroll            |     3 |       ||     3
 Armour: Leather armour    |     7 |    12 ||    19
  Dodge: Dodged            |     6 |    15 ||    21

Table legend:
 A = Non-vault XP
 B = Vault XP
 C = Vault XP percentage of total XP
 D = Non-vault monster count
 E = Vault monster count
 F = Vault count percentage of total count
                 A         B        C        D         E       F
            +---------+---------+-------+---------+---------+-------
      Total |     125 |      67 |  34.9 |      40 |       2 |   4.8
            +---------+---------+-------+---------+---------+-------
        D:1 |      40 |       0 |   0.0 |      23 |       0 |   0.0
        D:2 |      85 |      67 |  44.1 |      17 |       2 |  10.5
            +---------+---------+-------+---------+---------+-------
